 Dungeon Crawl Stone Soup version 0.29-a0-323-g050149af67 (webtiles) character file.

Game seed: 16838102245493211109

395 Murumi the Covert (level 6, -1/35 HPs)
             Began as a Vampire Enchanter on Apr 11, 2022.
             Was a Follower of Okawaru.
             Killed by divine providence
             ... invoked by an orc priest
              (14 damage)
             ... on level 5 of the Dungeon.
             The game lasted 00:16:38 (4178 turns).

Murumi the Covert (Vampire Enchanter)               Turns: 4178, Time: 00:16:39

Health: -1/35      AC:  5    Str:  7    XL:     6   Next: 52%
Magic:  1/9        EV: 12    Int: 17    God:    Okawaru [*.....]
Gold:   218        SH:  0    Dex: 17    Spells: 1/9 levels left

rFire   . . .      SeeInvis +   a - +1 dagger
rCold   + + .      Faith    .   (no shield)
rNeg    + + +      Spirit   .   b - +0 robe
rPois   ∞          Reflect  .   (no helmet)
rElec   .          Harm     .   (no cloak)
rCorr   .          Rampage  .   f - +2 pair of gloves
Will    +....                   (no boots)
Stlth   ++++++....              n - amulet of the acrobat
HPRegen 0.00/turn               v - ring of wizardry
MPRegen 0.11/turn               l - ring of willpower

@: bloodless, inhibited regen
A: bloodless, fangs 3, see invisible, vampiric 2
a: Bat Form, Revivify, Renounce Religion, Heroism


You were on level 5 of the Dungeon.
You worshipped Okawaru.
Okawaru was aware of your devotion.
You visited 2 branches of the dungeon, and saw 6 of its levels.

You collected 218 gold pieces.

Inventory:

Hand Weapons
 a - a +1 dagger (weapon)
Armour
 b - a +0 robe (worn)
 f - a +2 pair of gloves (worn)
Jewellery
 l - a ring of willpower (right hand)
 n - an amulet of the acrobat (around neck)
 o - a ring of flight
 t - a ring of resist corrosion
 v - a ring of wizardry (left hand)
Wands
 k - a wand of acid (2)
 q - a wand of flame (21)
Scrolls
 j - a scroll of magic mapping
 m - 2 scrolls of enchant armour
 p - 2 scrolls of teleportation
 u - a scroll of vulnerability
Potions
 c - 2 potions of invisibility
 d - a potion of ambrosia {unknown}
 e - a potion of lignification {unknown}
 g - a potion of degeneration {unknown}
 h - a potion of mutation
 i - a potion of brilliance {unknown}
 r - 3 potions of curing {unknown}
 s - a potion of might {unknown}


   Skills:
 - Level 2.0 Fighting
 + Level 3.0 Short Blades
 - Level 1.0 Armour
 - Level 2.1 Dodging
 - Level 8.0 Stealth
 - Level 2.0 Spellcasting
 - Level 6.0 Hexes
 - Level 1.0 Ice Magic
 - Level 1.0 Invocations


You had one spell level left.
You knew the following spells:

 Your Spells              Type           Power      Damage    Failure   Level
a - Ensorcelled Hibernat  Hex/Ice        26%        N/A       2%          2
b - Confusing Touch       Hex            22%        N/A       1%          3
c - Dazzling Flash        Conj/Hex       22%        N/A       7%          3

Your spell library contained the following spells:

 Spells                   Type           Power      Damage    Failure   Level
 Freeze                   Ice            20%        1d4       5%          1
 Frozen Ramparts          Ice            10%        1d3       16%         3
 Hailstorm                Conj/Ice       3%         3d3       50%         4
 Tukima's Dance           Hex            Unusable   N/A       N/A         3

Dungeon Overview and Level Annotations

Branches:
Dungeon (5/15)             Temple (1/1) D:4

Altars:
Cheibriados
Elyvilon
Gozag
Hepliaklqana
Kikubaaqudgha
Makhleb
Nemelex Xobeh
Okawaru
Qazlal
Ru
Sif Muna
Uskayaw
Vehumet
Xom
Zin
The Shining One


Innate Abilities, Weirdness & Mutations

You do not regenerate when monsters are visible.
You are frail without blood (-20% HP).
You can heal yourself when you bite living creatures.
You are immune to poison.
You have razor-sharp teeth.
You have supernaturally acute eyesight. (SInv)
You are afflicted with vampirism and can become a bat while bloodless.


Message History

Aiming: Ensorcelled Hibernation (safe; 2% risk of failure)
Press: ? - help, Shift-Dir - straight line, f - orc priest
Aim: an orc priest, wielding a +0 hand axe and wearing a +0 leather armour (chance to affect: 47%)
The orc priest resists with some effort.
The orc barely misses you.
The orc priest invokes the aid of Beogh against you.
Beogh smites you!
You hit the orc priest.
The orc priest is lightly wounded.
The orc hits you but does no damage.
The orc priest casts a cantrip, but nothing happens.
You closely miss the orc priest. Your punch misses the orc priest.
The orc priest is lightly wounded.
The orc hits you with a +0 club.
The orc priest hits you but does no damage.
You hit the orc priest but do no damage.
You bite the orc priest, but do no damage.
The orc priest is lightly wounded.
You hit the orc priest but do no damage.
The orc priest is lightly wounded.
The orc priest closely misses you. The orc hits you but does no damage.
You completely miss the orc priest.
The orc priest is lightly wounded.
The orc barely misses you.
The orc priest hits you with a +0 hand axe.
You barely miss the orc priest.
The orc priest is lightly wounded.
The orc misses you. The orc priest barely misses you.
You barely miss the orc priest. The orc closely misses you.
The orc priest closely misses you.
You hit the orc priest but do no damage.
The orc hits you with a +0 club.
The orc priest hits you but does no damage.
You barely miss the orc priest. You hit the orc priest.
You punch the orc priest.
The orc priest is moderately wounded.
The orc hits you with a +0 club.
The orc priest calls down the wrath of Beogh upon you.
Beogh smites you!
You die...

.......# ##.#
...... #..#
.....####.##
#.#.......#
#.#.#####.#
#.......#.#
#.........#
#.#)......#
#o@.......#
#o#..........
..o##.....#....
#.#.
##...##.....
#.#. #####
..s.. . ..
..... # .. ..


You could see an orc priest and 2 orcs.

Vanquished Creatures
  An orc warrior (D:5)
  A centaur (D:5)
  A hound (D:4)
  Ijyb (D:3)
  3 gnolls (D:2)
  6 adders
  3 dart slugs
  6 orcs
  9 bats
  7 endoplasms
  3 giant cockroaches
  6 goblins
  2 hobgoblins (D:1)
  6 kobolds
  4 quokkas
  8 ball pythons
  4 frilled lizards
  6 rats
77 creatures vanquished.

Notes
Turn   | Place    | Note
-------+----------+-------------------------------------------
     0 | D:1      | Murumi the Vampire Enchanter began the quest for the Orb.
     0 | D:1      | Reached XP level 1. HP: 13/13 MP: 3/3
   275 | D:1      | Reached skill level 5 in Stealth
   360 | D:1      | Reached XP level 2. HP: 15/15 MP: 5/5
   366 | D:1      | Learned a level 2 spell: Ensorcelled Hibernation
   452 | D:1      | Reached skill level 5 in Hexes
   799 | D:1      | Gained mutation: You are afflicted with vampirism and can
                  | become a bat while bloodless. [Vampire growth]
   799 | D:1      | Reached XP level 3. HP: 20/20 MP: 6/6
  1070 | D:2      | Reached skill level 1 in Fighting
  1273 | D:2      | You fall into a shaft and drop 1 floor!
  1355 | D:2      | Reached skill level 1 in Ice Magic
  1424 | D:2      | Reached XP level 4. HP: 26/26 MP: 4/7
  1893 | D:3      | Noticed Ijyb
  1896 | D:3      | Killed Ijyb
  1897 | D:3      | Reached skill level 6 in Stealth
  2287 | D:3      | Found a faded altar of an unknown god.
  2296 | D:3      | Reached XP level 5. HP: 30/30 MP: 1/8
  2724 | D:3      | Found a sparkling altar of Nemelex Xobeh.
  2866 | D:4      | Learned a level 3 spell: Confusing Touch
  2870 | D:4      | Learned a level 3 spell: Dazzling Flash
  2892 | D:4      | Found a staircase to the Ecumenical Temple.
  2902 | Temple   | Entered the Ecumenical Temple
  3382 | D:4      | Reached skill level 1 in Armour
  3472 | D:4      | Found a stormy altar of Qazlal.
  3659 | D:4      | Found an iron altar of Okawaru.
  3659 | D:4      | Found an opulent altar of Gozag.
  3661 | D:4      | Found a shimmering blue altar of Sif Muna.
  3661 | D:4      | Found a sacrificial altar of Ru.
  3667 | D:4      | Became a worshipper of Warmaster Okawaru
  3963 | D:5      | Entered Level 5 of the Dungeon
  3978 | D:5      | Noticed a centaur
  3985 | D:5      | Killed a centaur
  3986 | D:5      | Reached skill level 7 in Stealth
  3986 | D:5      | Reached skill level 1 in Invocations
  3986 | D:5      | Reached XP level 6. HP: 18/35 MP: 2/9
  4146 | D:5      | Noticed an orc warrior
  4152 | D:5      | Killed an orc warrior
  4152 | D:5      | Reached * piety under Okawaru
  4159 | D:5      | Reached skill level 8 in Stealth
  4178 | D:5      | Killed from afar by an orc priest

Illustrated notes

Levels and vault maps discovered:
D:1:      moated_graveyard_arrival, layout_basic, minmay_small_reverse_x
D:2:      layout_basic
D:3:      layout_basic, nicolae_overflow_ecumenical_swirl, uniq_ijyb
D:4:      layout_loops_corners, mainiacjoe_overflow_alcove_3,
          mainiacjoe_overflow_brackets, minmay_temple_entry_mini_moons
D:5:      layout_loops_cross, mainiacjoe_overflow_big_doors
Temple:   jpeg_temple_alley_garden

Skill      XL: |  1  2  3  4  5  6 |
---------------+-------------------+-----
Stealth        | 5 6 7 8 |  8.0
Short Blades   | 2 3 |  3.0
Hexes          | 5 6 |  6.0
Fighting       | 2 |  2.0
Ice Magic      | 1 |  1.0
Armour         | 1 |  1.0
Invocations    | 1 |  1.0
Dodging        | |  2.1
Spellcasting   | |  2.0

Action                   |  1- 3 |  4- 6 || total
-------------------------+-------+-------++-------
Melee: Dagger            |    53 |    66 ||   119
       Bite              |     1 |     1 ||     2
       Punch             |       |     1 ||     1
 Cast: Ensorcelled Hiber |    16 |    30 ||    46
 Abil: Exsanguinate      |     1 |       ||     1
  Use: Scroll            |     5 |     4 ||     9
 Stab: Sleeping          |    33 |    32 ||    65
       Distracted        |       |     1 ||     1
Armor: Robe              |    14 |    23 ||    37
Dodge: Dodged            |    28 |    39 ||    67

Table legend: (Time is in decaauts)
 A = Elapsed time spent in this place.
 B = Non-inter-level travel time spent in this place.
 C = Inter-level travel time spent in this place.
 D = Time resting spent in this place.
 E = Time spent auto-exploring this place.
 F = Levels seen in this place.
 G = Mean time per level.
                   A        B        C        D        E       F      G
               +--------+--------+--------+--------+--------+-----+--------+
         Total |   4166 |   3856 |    310 |     84 |   3119 |   6 |  694.3 |
       Dungeon |   3931 |   3674 |    257 |     84 |   2943 |   5 |  786.2 |
        Temple |    234 |    181 |     53 |      0 |    176 |   1 |  234.0 |
               +--------+--------+--------+--------+--------+-----+--------+

Top non-repeatable levels by time:
     D:1: 1035 daAuts
     D:3: 945 daAuts
     D:4: 942 daAuts
     D:2: 804 daAuts
  Temple: 234 daAuts
     D:5: 203 daAuts
